 Dungeon Sprint DCSS version 0.30-a0-358-g0d69a1922f (webtiles) character file.

Game seed: 13812991636704696625

996 Low2 the Cruncher (level 8, -9/92 HPs)
             Began as an Ogre Gladiator on Nov 10, 2022.
             Was an Initiate of Makhleb.
             Mangled by a chaos spawn (17 damage)
             ... summoned by a kobold demonologist
             ... in the Dungeon (Sprint I: "Red Sonja").
             The game lasted 00:04:03 (756 turns).

Low2 the Cruncher (Ogre Gladiator)                   Turns: 756, Time: 00:04:04

Health: -9/92      AC:  3    Str: 21    XL:     8   Next: 19%
Magic:  8/8        EV: 12    Int:  9    God:    Makhleb [......]
Gold:   114        SH:  0    Dex: 10    Spells: 7/7 levels left

rFire   . . .      SeeInvis .    a - +0 quarterstaff
rCold   . . .      Faith    .    (shield currently unavailable)
rNeg    . . .      Spirit   .    b - +0 robe
rPois   .          Reflect  .    c - +0 hat
rElec   .          Harm     .    (no cloak)
rCorr   .          Rampage  .    (gloves unavailable)
Will    .....      NoTele   +    (boots unavailable)
Stlth   ++........               (no amulet)
HPRegen 0.35/turn                (no ring)
MPRegen 0.11/turn                (no ring)

@: mighty
A: large, unfitting armour, tough skin 1
a: Renounce Religion


You were in the Dungeon.
You worshipped Makhleb.
Makhleb was noncommittal.
You visited 1 branch You collected 405 gold pieces.
You spent 291 gold pieces at shops.

Inventory:

Hand Weapons
 a - a +0 quarterstaff (weapon)
 m - the +1 sling "Duyphyi" {speed, Str+3 Int+2}
   (You bought it in a shop in the Dungeon)

   Attacks with this weapon are significantly faster.
   Str:       It affects your strength (+3).
   Int:       It affects your intelligence (+2).
Missiles
 p - 21 stones
Armour
 b - a +0 robe (worn)
 c - a +0 hat (worn)
Wands
 l - a wand of mindburst (4) (quivered)
Potions
 h - a potion of haste
 i - 2 potions of magic
 j - a potion of berserk rage


   Skills:
 + Level 9.4 Fighting
 + Level 11.8 Staves
 + Level 6.2 Throwing
 + Level 8.8 Dodging
 + Level 1.7 Stealth
 + Level 1.5 Evocations


You had 7 spell levels left.
You didn't know any spells.
Your spell library was empty.

Dungeon Overview and Level Annotations

Branches:
Dungeon (1/1)

Altars:
Cheibriados
Dithmenos
Elyvilon
Fedhas
Gozag
Hepliaklqana
Kikubaaqudgha
Makhleb
Nemelex Xobeh
Okawaru
Qazlal
Ru
Sif Muna
Trog
Uskayaw
Vehumet
Wu Jian
Xom
Yredelemnul
Zin
The Shining One
Jiyva
Lugonu

Shops:
D (


Innate Abilities, Weirdness & Mutations

You are too large for most types of armour.
You have tough skin. (AC +1)


Message History

The chaos spawn is lightly wounded.
Unknown command.
As you read the scroll labelled IGAREO IDONK, it crumbles to dust.
It is a scroll of identify.
n - a scroll of immolation The chaos spawn misses you.
a - a +0 quarterstaff (weapon)
The chaos spawn misses you.
You sock the chaos spawn!
The chaos spawn is moderately wounded.
The demonic crawler shrieks in warning!
The chaos spawn gores you!!
You are engulfed in flames!
* * * LOW HITPOINT WARNING * * *
You feel better.
You feel much better.
The demonic crawler shrieks in warning!
The kobold demonologist looks encouraged for a moment.
As you read the scroll of immolation, it crumbles to dust.
The creatures around you are filled with an inner flame!
The demonic crawler closely misses you.
The demonic crawler barely misses you. x2
The demonic crawler shrieks in warning!
The chaos spawn misses you.
You feel very mighty all of a sudden. The demonic crawler hits you!
The demonic crawler hits you. The demonic crawler closely misses you.
The kobold demonologist casts a spell.
The chaos spawn barely misses you. The demonic crawler hits you. x2
The demonic crawler hits you!
You hit the demonic crawler but do no damage.
The kobold demonologist begins to cast a cantrip, but forgets the words!
You hit the demonic crawler.
Flame seeps out of the demonic crawler.
The demonic crawler is lightly wounded.
The demonic crawler is engulfed in blazing flames.
Flame seeps out of the demonic crawler.
The demonic crawler misses you. The demonic crawler hits you.
* * * LOW HITPOINT WARNING * * *
The demonic crawler barely misses you. The chaos spawn hits you!
* * * LOW HITPOINT WARNING * * *
The chaos spawn freezes you!
You die...

##########################
#<.#.)').#..@sK#__#5.§4s.#
#..'..#..').#44s.s'5.#s55#
#..#####'#####4#__####.5s's.
#..####..#...#.#### ####..
#..#__####..##.# #
#..#_____##'#_.+
#⌠⌠#_.∩..÷'..._#
####_..__##_.#'#
#_____###+#)#


You could see 3 demonic crawlers, 2 ice devils, a kobold demonologist (inner
flame), a chaos spawn (summoned, inner flame) and a white imp (summoned).

Vanquished Creatures
  A kobold demonologist (D)
  A slime creature (D)
  Sigmund (D)
  A yak (D)
  A floating eye (D)
  An ogre (D)
  A jelly (D)
  Ijyb (D)
8 creatures vanquished.

Notes
Turn   | Place    | Note
-------+----------+-------------------------------------------
     0 | D        | Low2 the Ogre Gladiator began the quest for the Orb.
     0 | D        | Reached XP level 1. HP: 22/22 MP: 1/1
     2 | D        | Noticed Ijyb
    12 | D        | Killed Ijyb
    13 | D        | Reached skill level 4 in Staves
    13 | D        | Reached XP level 2. HP: 14/32 MP: 2/2
    84 | D        | Noticed an ogre
    93 | D        | Killed an ogre
    94 | D        | Reached skill level 5 in Fighting
    94 | D        | Reached skill level 6 in Staves
    94 | D        | Reached skill level 5 in Dodging
    94 | D        | Reached XP level 3. HP: 4/42 MP: 3/3
    94 | D        | Reached XP level 4. HP: 4/50 MP: 4/4
   268 | D        | Noticed Sigmund
   278 | D        | Killed Sigmund
   279 | D        | Reached skill level 8 in Staves
   279 | D        | Reached XP level 5. HP: 35/61 MP: 5/5
   279 | D        | Reached XP level 6. HP: 39/68 MP: 6/6
   389 | D        | Found an ornate altar of the Wu Jian Council.
   389 | D        | Found a shimmering blue altar of Sif Muna.
   391 | D        | Found a radiant altar of Vehumet.
   434 | D        | Found Jestrenoi's Weapon Emporium.
   434 | D        | Found an ancient bone altar of Kikubaaqudgha.
   434 | D        | Found a hazy altar of Hepliaklqana.
   434 | D        | Found a stormy altar of Qazlal.
   434 | D        | Found a hide-covered altar of Uskayaw.
   434 | D        | Found a blossoming altar of Fedhas.
   434 | D        | Found a bloodstained altar of Trog.
   434 | D        | Found an iron altar of Okawaru.
   434 | D        | Found a basalt altar of Yredelemnul.
   434 | D        | Found a glowing golden altar of the Shining One.
   434 | D        | Found a snail-covered altar of Cheibriados.
   434 | D        | Found a sacrificial altar of Ru.
   434 | D        | Found a glowing silver altar of Zin.
   434 | D        | Found a shadowy altar of Dithmenos.
   434 | D        | Found a white marble altar of Elyvilon.
   434 | D        | Noticed a yak
   436 | D        | Found an opulent altar of Gozag.
   443 | D        | Killed a yak
   444 | D        | Reached skill level 9 in Staves
   444 | D        | Reached skill level 5 in Throwing
   444 | D        | Reached skill level 1 in Stealth
   444 | D        | Reached XP level 7. HP: 78/78 MP: 7/7
   453 | D        | Found a burning altar of Makhleb.
   453 | D        | Found a viscous altar of Jiyva.
   453 | D        | Found a shimmering altar of Xom.
   453 | D        | Found a corrupted altar of Lugonu.
   453 | D        | Noticed a slime creature
   464 | D        | Killed a slime creature
   465 | D        | Reached skill level 10 in Staves
   629 | D        | Became a worshipper of Makhleb the Destroyer
   642 | D        | Found a sparkling altar of Nemelex Xobeh.
   691 | D        | Bought the +1 sling "Duyphyi" {speed, Str+3 Int+2} for 270
                  | gold pieces
   691 | D        | Bought 7 stones for 7 gold pieces
   691 | D        | Bought 6 stones for 6 gold pieces
   691 | D        | Bought 8 stones for 8 gold pieces
   711 | D        | Noticed a kobold demonologist
   712 | D        | Noticed a kobold demonologist
   713 | D        | Reached skill level 11 in Staves
   721 | D        | Noticed a hellwing
   730 | D        | Noticed a neqoxec
   734 | D        | Killed a kobold demonologist
   735 | D        | Reached skill level 1 in Evocations
   735 | D        | Reached XP level 8. HP: 46/92 MP: 8/8
   735 | D        | Noticed a demonic crawler
   735 | D        | Noticed a demonic crawler
   735 | D        | Noticed a demonic crawler
   735 | D        | Noticed a demonic crawler
   744 | D        | Noticed an ice devil
   755 | D        | Noticed an ice devil
   756 | D        | Mangled by a chaos spawn

Illustrated notes

Levels and vault maps discovered:
D:        dungeon_sprint_1 [red_sonja_temple_1, red_sonja_temple_small_1]

Skill      XL: |  1  2  3  4  5  6  7 |
---------------+----------------------+-----
Fighting       | 3 5 6 7 9 |  9.4
Staves         | 4 6 8 9 11 | 11.8
Dodging        | 4 5 7 8 |  8.8
Throwing       | 3 4 5 6 |  6.2
Stealth        | 1 |  1.7
Evocations     | 1 |  1.5

Action                   |  1- 3 |  4- 6 |  7- 9 || total
-------------------------+-------+-------+-------++-------
Melee: Quarterstaff      |    13 |    17 |    22 ||    52
 Fire: Sling             |       |       |     4 ||     4
Throw: Throwing net      |     2 |     2 |       ||     4
       Large rock        |       |     2 |     2 ||     4
Evoke: Wand              |       |       |    11 ||    11
  Use: Scroll            |       |       |     3 ||     3
       Potion            |       |       |     3 ||     3
Armor: Robe              |       |     1 |     3 ||     4
Dodge: Dodged            |     2 |     5 |    27 ||    34

Table legend: (Time is in decaauts)
 A = Elapsed time spent in this place.
 B = Non-inter-level travel time spent in this place.
 C = Inter-level travel time spent in this place.
 D = Time resting spent in this place.
 E = Time spent auto-exploring this place.
 F = Levels seen in this place.
 G = Mean time per level.
                   A        B        C        D        E       F      G
               +--------+--------+--------+--------+--------+-----+--------+
         Total |    752 |    752 |      0 |    482 |      0 |   1 |  752.0 |
       Dungeon |    752 |    752 |      0 |    482 |      0 |   1 |  752.0 |
               +--------+--------+--------+--------+--------+-----+--------+

Top non-repeatable levels by time:
       D: 752 daAuts
